Map: Dusk Towers

Players

LilDicky - Winner!

  • Race: Terran Terran
  • League: Platinum

OutLast

  • Race: Protoss Protoss

VOD

http://www.twitch.tv/tumescentpie

Description

Time

  • Played on: Nov. 20, 2015, 11:56 p.m.
  • Length: 3:54
Show
View Real Time Build Order
Export as new Build Order

LilDicky Terran - Winner!

Build Orders:  

Get SALT Encoding   

  12  0:01  SCV  
  13  0:13  SCV  
  14  0:18  Supply Depot  
  14  0:25  SCV  
  15  0:30  Refinery  
  15  0:39  SCV  
  16  0:47  Barracks  
  16  0:54  SCV  
  17  1:06  SCV  
  18  1:18  SCV  
  19  1:31  SCV  
  20  1:39  Supply Depot  
  20  1:43  Factory  
  20  1:44  Marine  
  20  1:45  Orbital Command  
  21  2:02  Supply Depot, Marine  
  22  2:11  SCV  
  23  2:19  Marine  
  24  2:24  SCV  
  24  2:25  Barracks  
  24  2:29  Barracks  
  25  2:37  SCV  
  25  2:39  Widow Mine  
  29  2:49  SCV  
  29  2:50  Supply Depot, Refinery  
  29  2:51  Barracks Reactor  
  29  3:01  SCV  
  30  3:13  Widow Mine  
  32  3:24  Barracks Tech Lab  
  32  3:25  Barracks Tech Lab  
  32  3:26  SCV  
  31  3:28  Marine x2  
  32  3:37  Supply Depot  
  32  3:38  SCV  
Show
View Real Time Build Order
Export as new Build Order

OutLast Protoss 

Build Orders: 1 Gate Expand 

Get SALT Encoding   

  12  0:01  Probe (Chrono Boost)  
  13  0:11  Probe (Chrono Boost)  
  14  0:18  Pylon  
  14  0:22  Probe (Chrono Boost)  
  15  0:36  Probe (Chrono Boost)  
  15  0:37  Gateway  
  16  0:47  Probe (Chrono Boost), Assimilator  
  17  0:57  Probe (Chrono Boost)  
  18  1:10  Probe (Chrono Boost)  
  19  1:17  Nexus  
  19  1:20  Probe (Chrono Boost)  
  20  1:28  Assimilator  
  20  1:34  Cybernetics Core  
  20  1:38  Probe (Chrono Boost)  
  21  1:44  Assimilator  
  21  1:56  Pylon  
  21  1:58  Probe (Chrono Boost)  
  22  2:13  Probe (Chrono Boost)  
  22  2:15  Stalker  
  25  2:26  Probe (Chrono Boost)  
  26  2:32  Pylon  
  26  2:38  Probe (Chrono Boost)  
  27  2:46  Mothership Core (Chrono Boost)  
  29  2:55  Forge  
  29  2:57  Pylon  
  29  3:00  Probe (Chrono Boost)  
  29  3:04  Probe (Chrono Boost)  
  27  3:24  Probe (Chrono Boost)  
  28  3:32  Photon Cannon  
  28  3:35  Probe (Chrono Boost)  
  29  3:43  Photon Cannon  
Tags
 
Add a new tag
Caveats
  • Supply blocks, unpowered buildings, or Contaminate may cause inaccurate times.
  • Supply counts are checked every 10 seconds.